 Dungeon Crawl Stone Soup version 0.30-a0-297-g0ec75d9ef4 (webtiles) character file.

Game seed: 9522575423274004194

64 lonewolfV2 the Insei (level 3, 0/26 HPs)
             Began as a Demonspawn Transmuter on Oct 19, 2022.
             Slain by a gnoll
             ... wielding a +0 flail
              (10 damage)
             ... on level 3 of the Dungeon.
             The game lasted 00:03:49 (1490 turns).

lonewolfV2 the Insei (Demonspawn Transmuter)        Turns: 1490, Time: 00:03:49

Health: 0/26       AC:  7    Str: 10    XL:     3   Next: 91%
Magic:  5/7        EV: 10    Int: 16    God:
Gold:   80         SH:  0    Dex: 13    Spells: 6/7 levels left

rFire   . . .      SeeInvis .      - Unarmed
rCold   . . .      Faith    .    (no shield)
rNeg    . . .      Spirit   .    f - +0 swamp dragon scales
rPois   +          Reflect  .    (helmet currently unavailable)
rElec   .          Harm     .    (no cloak)
rCorr   .          Rampage  .    (no gloves)
Will    .....                    (boots currently unavailable)
Stlth   +.........               (no amulet)
HPRegen 0.24/turn                (no ring)
MPRegen 0.10/turn                (no ring)

@: appendages (expiring)
A: horns 2, talons 2, demonic touch 1
a: End Transformation


You were on level 3 of the Dungeon.
You had temporarily grown beastly horns and talons.
You visited 1 branch of the dungeon, and saw 3 of its levels.

You collected 80 gold pieces.

Inventory:

Missiles
 h - a throwing net
Armour
 a - a +0 robe
 f - +0 swamp dragon scales (worn)
Scrolls
 c - a scroll of enchant weapon
 d - 2 scrolls of identify
 i - 2 scrolls of blinking {unknown}
Potions
 b - a potion of lignification
 e - 2 potions of mutation
 g - a potion of heal wounds {unknown}


   Skills:
 + Level 1.3 Fighting
 + Level 0.5 Armour
 + Level 2.0 Dodging
 + Level 0.3 Stealth
 + Level 3.3 Unarmed Combat
 + Level 2.6 Spellcasting
 + Level 2.1 Transmutations


You had 6 spell levels left.
You knew the following spells:

 Your Spells              Type           Power      Damage    Failure   Level
a - Beastly Appendage     Tmut           18%        N/A       21%         1

Your spell library contained the following spells:

 Spells                   Type           Power      Damage    Failure   Level
 Wereblood                Tmut           9%         N/A       30%         2
 Spider Form              Tmut/Pois      5%         N/A       67%         3
 Ice Form                 Ice/Tmut       5%         N/A       97%         4


Dungeon Overview and Level Annotations

Branches:
Dungeon (2/15)

Altars:
Makhleb

Shops:
D:1 [


Innate Abilities, Weirdness & Mutations

You have temporarily grown beastly horns and talons.
Your touch may inflict minor irresistible damage on your foes.


Message History

You are very lightly contaminated with residual magic.
Nothing appears to happen.
The endoplasm hits you but does no damage.
The endoplasm hits you but does no damage.
Casting: Beastly Appendage (safe; 22% risk of failure)
Confirm with . or Enter, or press ? or * to list all spells.
You grow a pair of large bovine horns.
Your feet morph into talons.
The endoplasm barely misses you.
You barely miss the endoplasm. Your kick misses the endoplasm.
You headbutt the endoplasm.
You kill the endoplasm!
Your magical contamination has completely faded away.
Your transformation is almost over.
Found a scroll labelled INEFIU PUXOAGA.
Your horns disappear.
Your talons disappear.
You now have 80 gold pieces (gained 4).
i - 2 scrolls labelled INEFIU PUXOAGA (gained 1)
Casting: Beastly Appendage (safe; 22% risk of failure)
Confirm with . or Enter, or press ? or * to list all spells.
Okay, then.
Found a robe.
Okay, then. 3 gnolls come into view.
The gnoll shouts! x3
The gnoll hits you with a +0 club.
Casting: Beastly Appendage (safe; 22% risk of failure)
Confirm with . or Enter, or press ? or * to list all spells.
You grow a pair of large bovine horns.
Your feet morph into talons.
Your transformation is almost over.
The gnoll hits you with a +0 club.
You barely miss the gnoll. Your kick misses the gnoll. You headbutt the gnoll.
You touch the gnoll!
The gnoll is heavily wounded.
The gnoll closely misses you.
You hit the gnoll. You claw the gnoll.
You kill the gnoll!
The gnoll hits you from afar with a +0 halberd!
You closely miss the gnoll. Your kick misses the gnoll.
Your touch misses the gnoll. The gnoll hits you with a +0 flail!
You die...

..#..............###.
. #..............# #.
#.....#.######.# #.
#.....#.# .# #.
#.....#.. .# #.
#.....##.. ## #.
#..#### ... #. ##.###
.... #... #@g.## ...
#... ###g.# #...
....g....# ####
..........#
.......[#...
###..........
#########..# #... ###


You could see 2 gnolls.

Vanquished Creatures
  A gnoll (D:3)
  2 adders (D:3)
  A dart slug (D:1)
  3 endoplasms
  4 giant cockroaches
  2 hobgoblins (D:1)
  4 kobolds
  A quokka (D:1)
  5 ball pythons
  5 bats
  A frilled lizard (D:1)
  2 goblins (D:2)
  A rat (D:2)
32 creatures vanquished.

Notes
Turn   | Place    | Note
-------+----------+-------------------------------------------
     0 | D:1      | lonewolfV2 the Demonspawn Transmuter began the quest for
                  | the Orb.
     0 | D:1      | Reached XP level 1. HP: 15/15 MP: 3/3
    82 | D:1      | Found Coti's Antique Armour Shop.
   431 | D:1      | Gained mutation: Your touch may inflict minor irresistible
                  | damage on your foes. [demonic ancestry]
   431 | D:1      | Reached XP level 2. HP: 21/21 MP: 3/5
   511 | D:1      | Reached skill level 3 in Unarmed Combat
  1098 | D:2      | Found a burning altar of Makhleb.
  1302 | D:2      | Reached XP level 3. HP: 26/26 MP: 6/6
  1383 | D:2      | You fall into a shaft and drop 1 floor!
  1490 | D:3      | Slain by a gnoll

Illustrated notes

Levels and vault maps discovered:
D:1:      dpeg_arrival_round_c, layout_loops_ring, serial_shops,
          nicolae_shop_window_shopping
D:2:      layout_loops_ring, basic_altar
D:3:      cheibrodos_pilgrimage, layout_basic

Skill      XL: |  1  2  3 |
---------------+----------+-----
Unarmed Combat | 3 |  3.3
Transmutations | 2 |  2.1
Dodging        | 2 |  2.0
Fighting       | |  1.3
Armour         | |  0.5
Stealth        | |  0.3
Spellcasting   | |  2.6

Action                   || total
-------------------------++-------
Melee: Unarmed           ||    64
       Kick              ||     8
       Touch             ||    10
       Headbutt          ||     5
 Cast: Beastly Appendage ||    16
  Use: Scroll            ||     4
 Stab: Sleeping          ||     1
Armor: Robe              ||     5
       Swamp dragon scal ||    25
Dodge: Dodged            ||    54

Table legend: (Time is in decaauts)
 A = Elapsed time spent in this place.
 B = Non-inter-level travel time spent in this place.
 C = Inter-level travel time spent in this place.
 D = Time resting spent in this place.
 E = Time spent auto-exploring this place.
 F = Levels seen in this place.
 G = Mean time per level.
                   A        B        C        D        E       F      G
               +--------+--------+--------+--------+--------+-----+--------+
         Total |   1486 |   1454 |     32 |    227 |    814 |   3 |  495.3 |
       Dungeon |   1486 |   1454 |     32 |    227 |    814 |   3 |  495.3 |
               +--------+--------+--------+--------+--------+-----+--------+

Top non-repeatable levels by time:
     D:1: 1074 daAuts
     D:2: 305 daAuts
     D:3: 106 daAuts
